 Dungeon Crawl Stone Soup version 0.29.1-15-g9cfb28693d (webtiles) character file.

Game seed: 13808205439890823699

15 croobank the Sneak (level 2, -3/21 HPs)
             Began as an Octopode Delver on Mar 13, 2023.
             Slain by an orc
             ... wielding a +0 hand axe
              (7 damage)
             ... on level 3 of the Dungeon.
             The game lasted 00:02:42 (707 turns).

croobank the Sneak (Octopode Delver)                 Turns: 707, Time: 00:02:42

Health: -3/21      AC:  1    Str: 11    XL:     2   Next: 50%
Magic:  2/2        EV: 13    Int: 12    God:
Gold:   61         SH:  0    Dex: 13    Spells: 1/1 levels left

rFire   . . .      SeeInvis .   a - +0 hand axe
rCold   . . .      Faith    .   (no shield)
rNeg    . . .      Spirit   .   (helmet restricted)
rPois   .          Reflect  .   (no amulet)
rElec   .          Harm     .   (no ring)
rCorr   .          Rampage  .   (no ring)
Will    .....                   (no ring)
Stlth   ++++......              (no ring)
HPRegen 0.07/turn               (no ring)
MPRegen 0.08/turn               (no ring)
                                (no ring)
                                (no ring)

@: no status effects
A: almost no armour, amphibious, 8 rings, camouflage 1, gelatinous body 1,
(nimble swimmer 1), tentacles
a: no special abilities


You were on level 3 of the Dungeon.
You visited 1 branch of the dungeon, and saw 5 of its levels.
You also visited: Ossuary.

You collected 61 gold pieces.

Inventory:

Hand Weapons
 a - a +0 hand axe (weapon)
 r - a +0 war axe
Wands
 c - a wand of flame (19)
 f - a wand of digging (2)
 g - a wand of light (5)
Scrolls
 b - a scroll of fog
 d - a scroll of fear
 h - a scroll of noise {unknown}
 i - 2 scrolls of vulnerability {unknown}
 j - 3 scrolls of identify {unknown}
 l - a scroll of brand weapon {unknown}
 n - 4 scrolls of teleportation {unknown}
 p - 2 scrolls of immolation {unknown}
 q - a scroll of amnesia {unknown}
Potions
 e - a potion of haste
 k - 2 potions of heal wounds {unknown}
 m - a potion of brilliance {unknown}
 o - 2 potions of attraction {unknown}


   Skills:
 + Level 3.1 Fighting
 + Level 2.2 Axes
 + Level 2.2 Dodging
 + Level 6.8 Stealth


You had one spell level left.
You didn't know any spells.
Your spell library was empty.

Dungeon Overview and Level Annotations

Branches:
Dungeon (7/15)            Ossuary (visited)
 Temple: D:4-7

Altars:


Innate Abilities, Weirdness & Mutations

You cannot wear most types of armour.
You are amphibious.
You can wear up to eight rings at the same time.
Your skin changes colour to match your surroundings (Stealth+).
Your rubbery body absorbs attacks. (AC +1, EV +1)
((You are camouflaged when in or above water. (Stealth+)))
You have tentacles for arms and can constrict up to eight enemies at once.


Message History

You kill the orc!
You hit the goblin but do no damage. Your grab misses the goblin.
The goblin hits you with a +0 dagger.
You hit the goblin but do no damage. Your grab misses the goblin.
The goblin completely misses you.
You closely miss the goblin. Your grab misses the goblin.
The goblin hits you with a +0 dagger.
You hit the goblin but do no damage. Your grab misses the goblin.
You squeeze the goblin.
The goblin is severely wounded.
The goblin hits you with a +0 dagger.
You hit the goblin.
You kill the goblin!
No target in view!
You start resting.
An orc comes into view.
It is wielding a +0 flail and wearing a +0 leather armour of fire resistance.
Okay, then.
You start resting.
An orc is nearby! 2 orcs come into view.
The orc shouts!
The orc moves out of view.
The orc shouts!
You hit the orc but do no damage. Your grab misses the orc.
The orc hits you with a +0 flail.
You barely miss the orc. Your grab misses the orc. The orc barely misses you.
You barely miss the orc. Your grab misses the orc. You squeeze the orc.
You kill the orc!
You completely miss the orc. The orc closely misses you.
You barely miss the orc. Your grab misses the orc. You completely miss the orc.
You grab the orc. You constrict the orc. The orc barely misses you.
The orc hits you with a +0 hand axe!
* * * LOW HITPOINT WARNING * * *
The orc barely misses you.
You barely miss the orc. You grab the orc. You hit the orc.
You constrict the orc, but do no damage.
You constrict the orc.
You kill the orc!
The orc hits you with a +0 hand axe!
You die...

## .# ### .#
#.#####.# ..
#.##....##.#
#>##.......
#.##))o.#
#.# #@# #
#.###.#.#
#.......#
####..###
#.## #.# #.#
#.# ...


You could see an orc.

Vanquished Creatures
  An adder (D:4)
  3 orcs (D:3)
  A goblin (D:3)
  A kobold (D:4)
6 creatures vanquished.

Notes
Turn   | Place    | Note
-------+----------+-------------------------------------------
     0 | D:5      | croobank the Octopode Delver began the quest for the Orb.
     0 | D:5      | Reached XP level 1. HP: 16/16 MP: 1/1
   147 | D:7      | Found a sand-covered staircase.
   155 | Ossuary  | Entered an ossuary
   248 | D:5      | Noticed a black bear
   286 | D:5      | Noticed a water moccasin
   357 | D:6      | Noticed an iguana
   381 | D:4      | Noticed an orc wizard
   392 | D:4      | Noticed a hound
   470 | D:4      | Reached XP level 2. HP: 8/21 MP: 2/2
   707 | D:3      | Slain by an orc

Illustrated notes

Levels and vault maps discovered:
D:3:      layout_loops_corners, slow_altar_1, fedhas_altar_4, uniq_ijyb
D:4:      layout_basic, nicolae_concentric_dashed_squares_wild,
          uniq_crazy_yiuf_cottage
D:5:      layout_loops_ring, nicolae_overflow_hallway_of_the_gods,
          gammafunk_ghost_grave
D:6:      layout_gridville
D:7:      layout_basic, minmay_temple_entry_overgrown,
          nicolae_ossuary_entry_plus, chequers_avenue

Action                   || total
-------------------------++-------
Melee: Hand axe          ||    19
       Constrict         ||     4
       Tentacles         ||     3
Evoke: Wand              ||     2
  Use: Scroll            ||     1
 Stab: Sleeping          ||     2
Dodge: Dodged            ||    10
